 Dungeon Crawl Stone Soup version 0.28.0-53-g5a82cb258f (webtiles) character file.

Game seed: 2929508893185106062

46 tizbic2 the Sneak (level 3, -7/18 HPs)
             Began as a Vine Stalker Brigand on July 16, 2022.
             Mangled by Jessica
             ... wielding a +8 club
              (8 damage)
             ... on level 2 of the Dungeon.
             The game lasted 00:04:31 (987 turns).

tizbic2 the Sneak (Vine Stalker Brigand)             Turns: 987, Time: 00:04:32

Health: -7/18      AC:  7    Str: 15    XL:     3   Next: 68%
Magic:  0/4        EV:  9    Int: 11    God:
Gold:   61         SH:  0    Dex: 15    Spells: 2/2 levels left

rFire   . . .      SeeInvis .   f - staff of conjuration
rCold   . . .      Faith    .   (no shield)
rNeg    . . .      Spirit   +   g - +0 scale mail
rPois   .          Reflect  .   (no helmet)
rElec   .          Harm     .   c - +0 cloak
rCorr   .          Rampage  .   (no gloves)
Will    .....                   (no boots)
Stlth   ++........              (no amulet)
HPRegen 0.06/turn               (no ring)
MPRegen 0.09/turn               (no ring)

@: brilliant
A: fangs 2, magic shield, antimagic bite, no potion heal 2
a: no special abilities


You were on level 2 of the Dungeon.
You visited 1 branch of the dungeon, and saw 2 of its levels.

You collected 61 gold pieces.

Inventory:

Hand Weapons
 a - a +2 dagger
Missiles
 d - 8 poisoned darts
 e - 2 curare-tipped darts
 j - 31 stones (quivered)
 k - 13 bolts
 m - 4 atropa-tipped darts
Armour
 b - a +0 robe
 c - a +0 cloak (worn)
 g - a +0 scale mail (worn)
Magical Staves
 f - a staff of conjuration (weapon)
Scrolls
 h - a scroll of holy word {unknown}
 i - a scroll of fog {unknown}
 l - a scroll of immolation {unknown}
 o - a scroll of silence {unknown}
Potions
 n - a potion of brilliance
 p - a potion of curing {unknown}


   Skills:
 - Level 1.7 Fighting
 - Level 1.7 Short Blades
 * Level 2.0 Staves
 - Level 1.7 Throwing
 - Level 0.7 Dodging
 - Level 4.8 Stealth
 + Level 1.4 Conjurations
 + Level 0.9 Evocations


You had 2 spell levels left.
You didn't know any spells.
Your spell library was empty.

Dungeon Overview and Level Annotations

Branches:
Dungeon (2/15)

Altars:

Annotations:
D:2 Jessica


Innate Abilities, Weirdness & Mutations

You have extremely sharp teeth.
When hurt, damage is shared between your health and your magic reserves.
Your bite disrupts and absorbs the magic of your enemies.
Potions cannot restore your health.


Message History

The adder is severely wounded.
The adder bites you but does no damage. x2
You don't know any spells.
Sorry, you're not good enough to have a special ability.
Unknown command.
You hit the adder.
You kill the adder!
Your Staves skill increases to level 2!
HP restored.
A giant cockroach comes into view.
Found 5 poisoned darts.
Jessica the Apprentice Sorceress comes into view.
She is wielding a +8 club.
You hit the giant cockroach. Your bite misses the giant cockroach.
The giant cockroach is moderately wounded.
Jessica shouts!
The giant cockroach bites you but does no damage. x2
You hit the giant cockroach.
You bite the giant cockroach, but do no damage.
The giant cockroach is heavily wounded.
Jessica gestures wildly while chanting.
Jessica seems to speed up.
The giant cockroach closely misses you.
You hit the giant cockroach.
You kill the giant cockroach!
Jessica gestures at you while chanting. Pain shoots through your body!
Jessica hits you but does no damage.
You see here a giant cockroach corpse.
You hit Jessica.
Jessica is heavily wounded.
Jessica hits you with a +8 club!
Jessica grins evilly.
Jessica gestures at you while chanting. Pain shoots through your body!
* * * LOW HITPOINT WARNING * * *
It was a potion of brilliance.
You feel clever all of a sudden. Jessica hits you with a +8 club.
* * * LOW HITPOINT WARNING * * *
Jessica hits you with a +8 club!
You die...

#####..#..#
...#..#
....#..#
..##.#..#
#..# #..# #
#..#
##.#..#
#..@@.#
##.##.# ...
..# ....
#.## .(.≈.
#. ≈≈≈≈ .#
≈ . ≈.


You could see Jessica (fast).

Vanquished Creatures
  An adder (D:2)
  2 dart slugs (D:1)
  2 ball pythons (D:1)
  3 endoplasms (D:1)
  A giant cockroach (D:2)
  3 hobgoblins (D:1)
  4 kobolds (D:1)
  A quokka (D:1)
  5 bats (D:1)
  6 frilled lizards (D:1)
  3 goblins (D:1)
  2 rats
33 creatures vanquished.

Notes
Turn   | Place    | Note
-------+----------+-------------------------------------------
     0 | D:1      | tizbic2 the Vine Stalker Brigand began the quest for the
                  | Orb.
     0 | D:1      | Reached XP level 1. HP: 11/11 MP: 2/2
    62 | D:1      | Found a faded altar of an unknown god.
   115 | D:1      | Reached skill level 1 in Staves
   115 | D:1      | Reached XP level 2. HP: 15/15 MP: 3/3
   159 | D:1      | Reached skill level 1 in Conjurations
   405 | D:1      | Reached XP level 3. HP: 13/18 MP: 2/4
   980 | D:2      | Noticed Jessica
   987 | D:2      | Mangled by Jessica

Illustrated notes

Levels and vault maps discovered:
D:1:      lightli_molten_gateway, layout_loops_cross,
          dreamdust_ecumenical_altar_statues
D:2:      layout_basic, chequers_serial_rivers_marsh, chequers_big_river,
          minmay_tetromino_l4, uniq_jessica

Skill      XL: |  1  2  3 |
---------------+----------+-----
Staves         | 1 2 |  2.0
Conjurations   | 1 |  1.4
Fighting       | |  1.7
Short Blades   | |  1.7
Throwing       | |  1.7
Dodging        | |  0.7
Stealth        | |  4.8
Evocations     | |  0.9

Action                   || total
-------------------------++-------
Melee: Staff             ||    88
       Bite              ||    24
       Punch             ||     2
       Dagger            ||     9
Throw: Stone             ||    10
  Use: Potion            ||     1
 Stab: Sleeping          ||     5
Armor: Scale mail        ||    48
       Robe              ||     3
Dodge: Dodged            ||    54
